 Dungeon Crawl Stone Soup version 0.26.1-11-gd32895ea62 (webtiles) character file.

Game seed: 43489740640271945

86 Zeld the Ducker (level 4, -2/33 HPs)
             Began as an Octopode Monk on May 18, 2021.
             Slain by Crazy Yiuf
             ... wielding a +2 quarterstaff of chaos
              (3 damage)
             ... on level 3 of the Dungeon.
             The game lasted 00:02:47 (3050 turns).

Zeld the Ducker (Octopode Monk)                     Turns: 3050, Time: 00:02:48

Health: -2/33      AC:  1    Str: 10    XL:     4   Next: 49%
Magic:  4/4        EV: 15    Int: 12    God:
Gold:   155        SH:  0    Dex: 15    Spells: 3/3 levels left

rFire    + . .     SeeInvis .     - Unarmed
rCold    . . .     Faith    .   (no shield)
rNeg     . . .     Spirit   .   (helmet restricted)
rPois    .         Reflect  .   (no amulet)
rElec    .         Harm     .   i - ring of protection from fire
rCorr    .         Rampage  .   (no ring)
Will     .....                  (no ring)
Stlth    +++.......             (no ring)
HPRegen  0.11/turn              (no ring)
MPRegen  0.09/turn              (no ring)
                                (no ring)
                                (no ring)

@: no status effects
A: almost no armour, stealthy swim, amphibious, 8 rings, constrict 8, camouflage
1, gelatinous body 1
a: no special abilities


You were on level 3 of the Dungeon.
You visited 1 branch of the dungeon, and saw 3 of its levels.
You visited the Abyss 1 time.

You collected 155 gold pieces.

Inventory:

Missiles
 j - 12 poisoned darts (quivered)
Jewellery
 e - an uncursed ring of poison resistance {unknown}
 i - a ring of protection from fire (left tentacle)
 n - an uncursed ring of resist corrosion {unknown}
 p - an uncursed amulet of reflection {unknown}
 s - an uncursed ring of flight {unknown}
 t - a +6 ring of dexterity {unknown}
Scrolls
 a - 8 scrolls of identify {unknown}
 b - 4 scrolls of immolation {unknown}
 c - 2 scrolls of remove curse {unknown}
 f - 2 scrolls of amnesia {unknown}
 h - 4 scrolls of fog {unknown}
 k - a scroll of blinking {unknown}
 r - a scroll of magic mapping {unknown}
Potions
 d - 2 potions of brilliance {unknown}
 g - 2 potions of degeneration {unknown}
 l - a potion of lignification {unknown}
 m - a potion of curing {unknown}
 o - a potion of heal wounds {unknown}
 q - a potion of magic {unknown}


   Skills:
 - Level 3.7 Fighting
 * Level 2.2 Throwing
 - Level 3.8 Dodging
 - Level 2.6 Stealth
 - Level 3.0 Unarmed Combat


You had 3 spell levels left.
You didn't know any spells.
Your spell library was empty.

Dungeon Overview and Level Annotations

Branches:
Dungeon (3/15)

Altars:
Fedhas
Vehumet
Yredelemnul
The Shining One

Annotations:
D:3 Crazy Yiuf


Innate Abilities, Weirdness & Mutations

You cannot wear most types of armour.
You are very stealthy in the water. (Stealth+)
You are amphibious.
You can wear up to eight rings at the same time.
You can use your tentacles to constrict eight enemies at once.
Your skin changes colour to match your surroundings (Stealth+).
Your rubbery body absorbs attacks. (AC +1, EV +1)


Message History

Crazy Yiuf is heavily wounded.
You constrict Crazy Yiuf, but do no damage.
Crazy Yiuf barely misses you.
You tentacle-slap Crazy Yiuf.
Crazy Yiuf is heavily wounded.
You constrict Crazy Yiuf. Crazy Yiuf closely misses you.
You tentacle-slap Crazy Yiuf but do no damage.
You squeeze Crazy Yiuf.
Crazy Yiuf is severely wounded.
You constrict Crazy Yiuf.
Crazy Yiuf hits you with a +2 quarterstaff of chaos!
* * * LOW HITPOINT WARNING * * *
You tentacle-slap Crazy Yiuf.
Crazy Yiuf is almost dead.
You constrict Crazy Yiuf.
You tentacle-slap Crazy Yiuf but do no damage.
Crazy Yiuf is almost dead.
You constrict Crazy Yiuf, but do no damage.
Crazy Yiuf hits you with a +2 quarterstaff of chaos.
You die...

##.## ##.#....# ....#
#.##....### .#..#
#.##(.<...# ###.#
########### .#..#
....# .#..# ####♣♣ ###
###.###....♣♣ ♣♣#..)#
.#..##......♣♣♣♣@'...#
....##.......♣.g♣#...#
##.....#....♣.♣♣♣ ###
##.#######♣♣♣♣♣ ...#
#### ### #.#
##########)#
...........#


You could see Crazy Yiuf.

Vanquished Creatures
  An adder (D:2)
  An ooze (D:2)
  2 worms (D:2)
  A dart slug (D:3)
  3 leopard geckos
  6 orcs (D:3)
  5 bats
  2 giant cockroaches
  6 hobgoblins
  A quokka (D:2)
  2 ball pythons (D:2)
  2 frilled lizards
  6 goblins
  10 kobolds
  7 rats
  A spectral orc (D:3)
56 creatures vanquished.

Notes
Turn   | Place    | Note
-------+----------+-------------------------------------------
     0 | D:1      | Zeld the Octopode Monk began the quest for the Orb.
     0 | D:1      | Reached XP level 1. HP: 16/16 MP: 1/1
     6 | D:1      | Noticed an electric eel
    93 | D:1      | Reached XP level 2. HP: 21/21 MP: 2/2
   789 | D:2      | Reached XP level 3. HP: 26/26 MP: 3/3
  1644 | D:2      | Found a glowing golden altar of the Shining One.
  1700 | D:2      | Reached skill level 1 in Throwing
  1790 | D:2      | Reached XP level 4. HP: 29/33 MP: 4/4
  2122 | D:3      | Found a blossoming altar of Fedhas.
  2409 | D:3      | Found a basalt altar of Yredelemnul.
  2459 | D:3      | Found a radiant altar of Vehumet.
  2556 | D:3      | Found a runed translucent door.
  2557 | D:3      | Noticed Crazy Yiuf
  3007 | D:3      | Cast into level 1 of the Abyss (Crazy Yiuf)
  3044 | D:3      | Escaped the Abyss
  3048 | D:3      | HP: 1/33 [Crazy Yiuf/+2 quarterstaff of chaos (12)]
  3050 | D:3      | Slain by Crazy Yiuf

Illustrated notes

Levels and vault maps discovered:
D:1:      arrival_aquarium_a, layout_loops_ring, st_stairs_3
D:2:      layout_basic, tso_oasis_becter, minivault_14,
          hangedman_decor_peaks_small, glass_columns_a
D:3:      layout_loops_ring, fedhas_altar_3, vehumet_crystals,
          yredelemnul_forgotten_temple_becter, uniq_crazy_yiuf_cottage

Skill      XL: |  1  2  3  4 |
---------------+-------------+-----
Throwing       | 1 2 |  2.2
Fighting       | |  3.7
Dodging        | |  3.8
Stealth        | |  2.6
Unarmed Combat | |  3.0

Action                   |  1- 3 |  4- 6 || total
-------------------------+-------+-------++-------
Melee: Unarmed           |    89 |    41 ||   130
       Constrict         |    17 |    10 ||    27
       Tentacles         |    12 |     8 ||    20
       Punch             |     1 |     3 ||     4
 Stab: Sleeping          |    16 |     6 ||    22
       Distracted        |     1 |     1 ||     2
Armor: Skin              |     8 |       ||     8
Dodge: Dodged            |    40 |    20 ||    60
